 Dungeon Crawl Stone Soup version 0.27.1-33-g824d729ab1 (webtiles) character file.

Game seed: 1852023957089115102

20882 jlumianski the Nimble (level 12, -7/97 HPs)
             Began as a Gnoll Monk on Dec 20, 2021.
             Was a High Priest of Okawaru.
             Mangled by a tentacled starspawn (24 damage)
             ... summoned by a glowing orange brain
             ... on level 2 of the Abyss.
             The game lasted 01:19:07 (16176 turns).

jlumianski the Nimble (Gnoll Monk)                 Turns: 16176, Time: 01:19:08

Health: -7/97      AC: 13    Str: 15      XL:     12   Next: 84%
Magic:  23/23      EV: 18    Int:  9      God:    Okawaru [*****.]
Gold:   410        SH:  0    Dex: 19 (20) Spells: 13/26 levels left

rFire    + . .     SeeInvis .   w - +0 executioner's axe (vamp)
rCold    . . .     Faith    .   (shield currently unavailable)
rNeg     . . .     Spirit   .   Y - +0 troll leather armour
rPois    +         Reflect  .   B - +2 helmet
rElec    .         Harm     .   J - +0 cloak of Oblivion {rCorr Dex+4}
rCorr    +         Rampage  .   Q - +2 pair of gloves {archery}
Will     .....                  (no boots)
Stlth    ++........             (no amulet)
HPRegen  1.26/turn              r - ring of poison resistance
MPRegen  0.18/turn              y - ring of protection from fire

@: confused, afraid
A: fangs 1, strong nose, distributed training
a: Renounce Religion, Heroism, Finesse


You were on level 2 of the Abyss.
You worshipped Okawaru.
Okawaru was extremely pleased with you.
You visited 2 branches of the dungeon, and saw 14 of its levels.
You visited the Abyss 1 time.

You collected 634 gold pieces.
You spent 224 gold pieces at shops.

Inventory:

Hand Weapons
 a - the +8 longbow of the Screaming Hawk {venom, *Slow Fly rCorr Str+6}
   (Okawaru gifted it to you on level 2 of the Abyss)

   Any ammunition fired from it poisons the flesh of those it strikes.
   Str:       It affects your strength (+6).
   Fly:       It grants you flight.
   rCorr:     It protects you from acid and corrosion.
   *Slow:     It may slow you when you take damage.
 w - a +0 vampiric executioner's axe (weapon)
 D - the +10 dagger "Irghoud" {elec, rElec rN+ Str+3 Dex-4}
   (You found it on level 4 of the Dungeon)

   It occasionally discharges a powerful burst of electricity upon striking a
   foe.
   Str:       It affects your strength (+3).
   Dex:       It affects your dexterity (-4).
   rElec:     It insulates you from electricity.
   rN:        It protects you from negative energy.
 V - a +1 arbalest of freezing
 X - a +5 war axe
 Z - the +10 mace "Bingo" {speed, rElec rC+}
   (You bought it in a shop on level 9 of the Dungeon)

   Attacks with this weapon are significantly faster.
   rC:        It protects you from cold.
   rElec:     It insulates you from electricity.
Missiles
 e - 60 poisoned darts
 l - 13 boomerangs (quivered)
 q - a throwing net
 M - 75 bolts
 W - 8 silver javelins
Armour
 B - a +2 helmet (worn)
 J - the +0 cloak of Oblivion (worn) {rCorr Dex+4}
   (You acquired it on level 7 of the Dungeon)

   Dex:       It affects your dexterity (+4).
   rCorr:     It protects you from acid and corrosion.
 O - +0 steam dragon scales
 Q - a +2 pair of gloves of archery (worn)
 Y - a +0 troll leather armour (worn)
Jewellery
 r - a ring of poison resistance (left hand)
 y - a ring of protection from fire (right hand)
 E - a ring of protection from fire
 L - a ring of fire
Wands
 o - a wand of polymorph (22)
 A - a wand of flame (34)
 F - a wand of iceblast (33)
 P - a wand of acid (4)
Scrolls
 c - a scroll of fog
 f - a scroll of identify
 p - 2 scrolls of immolation
 G - a scroll of teleportation
Potions
 g - 4 potions of flight
 h - 2 potions of magic
 R - a potion of might
Miscellaneous
 z - a piece from Xom's chessboard (15/15)


   Skills:
 + Level 10.1 Fighting
 + Level 7.6 Short Blades
 + Level 7.6 Long Blades
 + Level 10.1 Axes
 + Level 7.6 Maces & Flails
 + Level 7.6 Polearms
 + Level 7.6 Staves
 + Level 7.6 Slings
 + Level 7.6 Bows
 + Level 7.6 Crossbows
 + Level 7.6 Throwing
 + Level 7.6 Armour
 + Level 10.1 Dodging
 + Level 8.8 Stealth
 + Level 7.6 Shields
 + Level 7.6 Unarmed Combat
 + Level 7.6 Spellcasting
 + Level 6.3 Conjurations
 + Level 6.3 Hexes
 + Level 6.3 Summonings
 + Level 6.3 Necromancy
 + Level 6.3 Translocations
 + Level 6.3 Transmutations
 + Level 6.3 Fire Magic
 + Level 6.3 Ice Magic
 + Level 6.3 Air Magic
 + Level 6.3 Earth Magic
 + Level 6.3 Poison Magic
 + Level 8.4 Invocations
 + Level 7.6 Evocations


You had 13 spell levels left.
You knew the following spells:

 Your Spells              Type           Power      Damage    Failure   Level
a - Sandblast             Erth           28%        2d8       1%          1
b - Wereblood             Tmut           14%        N/A       2%          2
c - Summon Lightning Spi  Summ/Air       14%        N/A       16%         4
d - Blink                 Tloc           N/A        N/A       2%          2
e - Petrify               Tmut/Erth      14%        N/A       16%         4

Your spell library contained the following spells:

 Spells                   Type           Power      Damage    Failure   Level
 Shock                    Conj/Air       56%        1d6       1%          1
 Summon Small Mammal      Summ           56%        N/A       1%          1
 Passwall                 Tmut/Erth      11%        N/A       2%          2
 Sublimation of Blood     Necr           7%         N/A       2%          2
 Tukima's Dance           Hex            14%        N/A       4%          3
 Airstrike                Air            7%         N/A       16%         4
 Passage of Golubria      Tloc           N/A        N/A       16%         4
 Alistair's Intoxication  Tmut/Pois      9%         N/A       41%         5
 Borgnjor's Vile Clutch   Necr/Erth      7%         N/A       41%         5
 Lee's Rapid Deconstruct  Erth           7%         3d7*      41%         5
 Lightning Bolt           Conj/Air       7%         1d19      41%         5
 Manifold Assault         Tloc           14%        N/A       41%         5
 Metabolic Englaciation   Hex/Ice        7%         N/A       41%         5
 Yara's Violent Unravell  Hex/Tmut       7%         3d5       41%         5
 Eringya's Noxious Bog    Tmut/Pois      7%         N/A       94%         6
 Statue Form              Tmut/Erth      9%         N/A       94%         6
 Storm Form               Tmut/Air       7%         N/A       100%        7
 Summon Hydra             Summ           7%         N/A       100%        7


Dungeon Overview and Level Annotations

Branches:
Dungeon (13/15)            Temple (0/1) D:6            Lair (0/6) D:11
    Orc (1/2) D:9
 Vaults: D:13-14

Altars:
Ashenzari
Fedhas
Kikubaaqudgha
Okawaru
Qazlal
Sif Muna
Trog

Shops:
D:2 :!([:   D:9 (   D:10 ?

Annotations:
D:12 Erolcha; Jorgrun
Orc:1 Erica


Innate Abilities, Weirdness & Mutations

You have very sharp teeth.
Your uncanny sense of smell can sniff out nearby items.
Your experience applies equally to all skills.


Message History

You cannot move closer to the glowing orange brain!
Deactivating autopickup; reactivate with Ctrl-A.
You barely miss something. You bite something. Something hits you.
Something hits you but does no damage.
You closely miss something. Something barely misses you.
Something hits you but does no damage.
You miss something. You hit the glowing orange brain.
Something hits you but does no damage. Something closely misses you.
You barely miss the glowing orange brain.
The glowing orange brain is moderately wounded.
You slash something!
You feel better. Something hits you but does no damage. Something hits you!
A wretched star comes into view.
The wretched star moves out of view.
You hit the glowing orange brain.
You feel better.
The glowing orange brain is moderately wounded.
Something hits you but does no damage. x2
The glowing orange brain pulsates.
You slash the glowing orange brain!
You feel better.
The glowing orange brain is heavily wounded.
You barely miss the tentacled starspawn.
You miss something. Something hits you but does no damage.
The tentacled starspawn bites you!
The tentacled starspawn barely misses you.
Something hits you but does no damage.
The glowing orange brain pulsates.
You are confused.
You attempt to attack the glowing orange brain, but flinch away in fear!
Something hits you. The tentacled starspawn bites you!
* * * LOW HITPOINT WARNING * * *
The tentacled starspawn tentacle-slaps you.
* * * LOW HITPOINT WARNING * * *
Tentacles burst from the starspawn's body! 2 starspawn tentacles come into view.
You barely miss the tentacled starspawn.
You hit the glowing orange brain but do no damage.
Something hits you.
* * * LOW HITPOINT WARNING * * *
The tentacled starspawn bites you!!
You die...

###... #.#### # ..
.#.#.##.#.#..
..#.##_....∆ . .
##.........# .
..#..#......## ...
#.....w.#.# # ..
##.....X...## . .
##.....@w..#.### .
# .. #......G...x.#
.# .y
...#..#........# .
..#.#...∩......#...
..
.#....#....#.......
. .##.#####.###...
.# # .#. ### ......
.... # . .. .. [# .
.# .#


You could see a tentacled starspawn (summoned), a glowing orange brain (scary),
a small abomination and 2 starspawn tentacles.

Vanquished Creatures
  The ghost of Duder the Basher, a journeyman MiBe of Trog (D:10)
  A boulder beetle (D:7)
  2 two-headed ogres
  2 thrashing horrors (Abyss:2)
  Nergalle (D:12)
  A deep elf pyromancer (D:12)
  An orc knight (D:9)
  2 ugly things (D:12)
  A cyclops (D:11)
  Maurice (D:11)
  A komodo dragon (D:11)
  An ancient zyme (Abyss:2)
  5 trolls
  A hornet (D:8)
  7 slime creatures
  A meliai zombie (D:11)
  27 yaks
  2 spriggans (D:10)
  A vampire (D:11)
  A wraith (D:11)
  2 large abominations (Abyss:2)
  2 steam dragons
  Menkaure (D:7)
  A warg (D:9)
  Duvessa (D:5)
  6 orc warriors
  A water moccasin (D:8)
  A sky beast (D:6)
  A black bear (D:10)
  2 ice beasts
  2 necrophages
  4 ogres (D:9)
  2 wolves (D:11)
  3 centaurs
  3 kobold brigands
  3 bullfrogs
  A wyvern zombie (D:6)
  A scorpion (D:6)
  Dowan (D:5)
  9 killer bees
  10 wights
  4 electric eels (D:11)
  2 howler monkeys (D:11)
  5 centaur zombies
  A quasit (Abyss:2)
  4 hounds
  3 jellies
  5 orc priests
  A centaur skeleton (D:6)
  A bullfrog skeleton (D:3)
  8 orc wizards
  An iguana (D:6)
  A killer bee zombie (D:7)
  Robin (D:3)
  12 gnolls
  2 howler monkey zombies
  3 adders
  An ufetubus (D:6)
  2 dart slugs (D:1)
  25 orcs
  6 ball pythons
  3 endoplasms
  4 giant cockroaches
  18 goblins
  10 hobgoblins
  7 jackals
  23 kobolds
  2 quokkas (D:2)
  8 bats
  3 frilled lizards (D:1)
  5 rats
288 creatures vanquished.

Vanquished Creatures (collateral kills)
  A troll (D:9)
  5 yaks
6 creatures vanquished.

Vanquished Creatures (others)
  An orc wizard (D:9)
  A kobold (D:8)
  2 fungi (D:10)
  9 plants
13 creatures vanquished.

Grand Total: 307 creatures vanquished

Notes
Turn   | Place    | Note
-------+----------+-------------------------------------------
     0 | D:1      | jlumianski the Gnoll Monk began the quest for the Orb.
     0 | D:1      | Reached XP level 1. HP: 23/23 MP: 1/1
    43 | D:1      | Reached XP level 2. HP: 25/29 MP: 2/2
   231 | D:1      | Reached XP level 3. HP: 20/35 MP: 3/3
   590 | D:1      | Reached skill level 1 in Invocations
   761 | D:1      | Learned a level 1 spell: Sandblast
  1270 | D:2      | Found Goiluma's Book Shoppe.
  1380 | D:2      | Reached skill level 1 in Short Blades
  1380 | D:2      | Reached skill level 1 in Long Blades
  1380 | D:2      | Reached skill level 1 in Maces & Flails
  1380 | D:2      | Reached skill level 1 in Polearms
  1380 | D:2      | Reached skill level 1 in Staves
  1380 | D:2      | Reached skill level 1 in Slings
  1380 | D:2      | Reached skill level 1 in Bows
  1380 | D:2      | Reached skill level 1 in Crossbows
  1380 | D:2      | Reached skill level 1 in Throwing
  1380 | D:2      | Reached skill level 1 in Armour
  1380 | D:2      | Reached skill level 1 in Shields
  1380 | D:2      | Reached skill level 1 in Unarmed Combat
  1380 | D:2      | Reached skill level 1 in Spellcasting
  1380 | D:2      | Reached skill level 1 in Evocations
  1380 | D:2      | Reached XP level 4. HP: 41/41 MP: 3/5
  1479 | D:2      | Found Zops's Antique Armour Shop.
  1485 | D:2      | Found Mohaih's Weapon Boutique.
  1593 | D:2      | Found Reteun's Distillery.
  1694 | D:2      | Found Huosk's Book Shop.
  1711 | D:2      | Found a faded altar of an unknown god.
  2132 | D:3      | Reached skill level 1 in Conjurations
  2132 | D:3      | Reached skill level 1 in Hexes
  2132 | D:3      | Reached skill level 1 in Summonings
  2132 | D:3      | Reached skill level 1 in Necromancy
  2132 | D:3      | Reached skill level 1 in Translocations
  2132 | D:3      | Reached skill level 1 in Transmutations
  2132 | D:3      | Reached skill level 1 in Fire Magic
  2132 | D:3      | Reached skill level 1 in Ice Magic
  2132 | D:3      | Reached skill level 1 in Air Magic
  2132 | D:3      | Reached skill level 1 in Earth Magic
  2132 | D:3      | Reached skill level 1 in Poison Magic
  2680 | D:3      | Reached XP level 5. HP: 47/47 MP: 3/6
  2752 | D:4      | Noticed Robin
  2903 | D:3      | Killed Robin
  3140 | D:4      | Noticed a black bear
  3771 | D:4      | Identified the +10 dagger "Irghoud" {elec, rElec rN+ Str+3
                  | Dex-4}
  4027 | D:5      | Entered Level 5 of the Dungeon
  4185 | D:5      | Found a broken altar of Ashenzari.
  4192 | D:5      | Reached XP level 6. HP: 47/53 MP: 8/8
  4193 | D:5      | Noticed a necrophage
  4204 | D:5      | Killed a necrophage
  4367 | D:5      | Noticed an ice beast
  4372 | D:5      | Killed an ice beast
  4373 | D:5      | Reached XP level 7. HP: 60/60 MP: 10/10
  4417 | D:5      | Noticed Duvessa
  4417 | D:5      | Noticed Dowan
  4423 | D:5      | Killed Duvessa
  4439 | D:5      | Killed Dowan
  4740 | D:5      | Reached skill level 5 in Stealth
  4890 | D:5      | Found an iron altar of Okawaru.
  4898 | D:5      | Became a worshipper of Warmaster Okawaru
  4898 | D:5      | Reached * piety under Okawaru
  4898 | D:5      | Reached ** piety under Okawaru
  5270 | D:6      | Found a blossoming altar of Fedhas.
  5294 | D:6      | Reached XP level 8. HP: 41/67 MP: 12/12
  5544 | D:6      | Found a staircase to the Ecumenical Temple.
  5878 | D:7      | Noticed a boulder beetle
  5897 | D:7      | Killed a boulder beetle
  5897 | D:7      | Reached *** piety under Okawaru
  5898 | D:7      | Reached XP level 9. HP: 16/73 MP: 11/14
  6245 | D:8      | Found an ancient bone altar of Kikubaaqudgha.
  6501 | D:8      | Reached **** piety under Okawaru
  6512 | D:8      | Reached skill level 5 in Invocations
  6962 | D:6      | Reached XP level 10. HP: 73/80 MP: 17/17
  7049 | D:6      | Learned a level 2 spell: Wereblood
  7055 | D:7      | Noticed Menkaure
  7065 | D:7      | Killed Menkaure
  7107 | D:7      | Reached skill level 5 in Short Blades
  7107 | D:7      | Reached skill level 5 in Long Blades
  7107 | D:7      | Reached skill level 5 in Maces & Flails
  7107 | D:7      | Reached skill level 5 in Polearms
  7107 | D:7      | Reached skill level 5 in Staves
  7107 | D:7      | Reached skill level 5 in Slings
  7107 | D:7      | Reached skill level 5 in Bows
  7107 | D:7      | Reached skill level 5 in Crossbows
  7107 | D:7      | Reached skill level 5 in Throwing
  7107 | D:7      | Reached skill level 5 in Armour
  7107 | D:7      | Reached skill level 5 in Shields
  7107 | D:7      | Reached skill level 5 in Unarmed Combat
  7107 | D:7      | Reached skill level 5 in Spellcasting
  7107 | D:7      | Reached skill level 5 in Evocations
  7254 | D:7      | Found a bloodstained altar of Trog.
  7279 | D:7      | Found a shimmering blue altar of Sif Muna.
  7285 | D:7      | Got Sif Muna's Handbook of Supportive Flight
  7653 | D:7      | Identified 3 scrolls of acquirement
  7653 | D:7      | Acquired Great Wizards, Vol. II
  7656 | D:7      | Acquired the +0 cloak of Oblivion {rCorr Dex+4}
  7668 | D:7      | Acquired a +1 pair of gloves of archery
  7717 | D:8      | Reached ***** piety under Okawaru
  8142 | D:8      | Received a gift from Okawaru
  8939 | D:9      | Found a staircase to the Orcish Mines.
  9399 | D:9      | Reached XP level 11. HP: 56/87 MP: 19/19
  9668 | D:9      | Received a gift from Okawaru
  9861 | D:9      | Found Uwnini Soawn's Antique Weapon Shop.
  9875 | D:9      | Bought a pitted mace for 224 gold pieces
  9875 | D:9      | Identified the +10 mace "Bingo" {speed, rElec rC+} (You
                  | bought it in a shop on level 9 of the Dungeon)
  9959 | D:9      | Learned a level 4 spell: Summon Lightning Spire
 10751 | D:10     | Entered Level 10 of the Dungeon
 10956 | D:10     | Reached skill level 5 in Conjurations
 10956 | D:10     | Reached skill level 5 in Hexes
 10956 | D:10     | Reached skill level 5 in Summonings
 10956 | D:10     | Reached skill level 5 in Necromancy
 10956 | D:10     | Reached skill level 5 in Translocations
 10956 | D:10     | Reached skill level 5 in Transmutations
 10956 | D:10     | Reached skill level 5 in Fire Magic
 10956 | D:10     | Reached skill level 5 in Ice Magic
 10956 | D:10     | Reached skill level 5 in Air Magic
 10956 | D:10     | Reached skill level 5 in Earth Magic
 10956 | D:10     | Reached skill level 5 in Poison Magic
 10989 | D:10     | Noticed a two-headed ogre
 11334 | D:10     | Found a runed translucent door.
 11336 | D:10     | Noticed Duder's ghost (journeyman MiBe)
 11339 | D:10     | Identified the +5 trident "Datil" {venom, rPois rN+ Str-3
                  | Int-3 Dex+6}
 11376 | D:10     | Received a gift from Okawaru
 11593 | D:10     | Found Joewoli's Magic Scroll Emporium.
 11677 | D:10     | You fall into a shaft and drop 3 floors!
 11711 | D:12     | Noticed a deep elf pyromancer
 11728 | D:12     | Killed a deep elf pyromancer
 11892 | D:12     | Noticed Jorgrun
 11904 | D:12     | Noticed Nergalle
 11923 | D:12     | Killed Nergalle
 11946 | D:12     | Noticed a red ugly thing
 11961 | D:12     | Killed a red ugly thing
 11973 | D:12     | Learned a level 2 spell: Blink
 12594 | D:12     | Noticed a white ugly thing
 12618 | D:12     | Killed a white ugly thing
 12662 | D:12     | Noticed a four-headed hydra
 12707 | D:12     | Noticed Erolcha
 12973 | D:11     | Found a stormy altar of Qazlal.
 13361 | D:11     | Found a staircase to the Lair.
 13366 | D:11     | Reached XP level 12. HP: 80/96 MP: 22/22
 13613 | D:10     | Noticed a two-headed ogre
 13619 | D:10     | Killed a two-headed ogre
 13619 | D:10     | Received a gift from Okawaru
 13922 | D:10     | Killed Duder's ghost
 14134 | D:9      | Received a gift from Okawaru
 14200 | Orc:1    | Entered Level 1 of the Orcish Mines
 14337 | Orc:1    | Noticed an orc warlord
 14563 | Orc:1    | Noticed Erica
 14636 | D:8      | Killed a two-headed ogre
 15076 | D:11     | Learned a level 4 spell: Petrify
 15625 | D:11     | Noticed Maurice
 15652 | D:11     | Killed Maurice
 15697 | D:11     | Reached skill level 10 in Fighting
 15697 | D:11     | Reached skill level 10 in Axes
 15697 | D:11     | Reached skill level 10 in Dodging
 15983 | Orc:1    | Noticed a soul eater
 15988 | Orc:1    | Paralysed by an orc sorcerer for 6 turns
 15988 | Orc:1    | Cast into level 2 of the Abyss (orc warrior)
 15988 | Abyss:2  | Found a blossoming altar of Fedhas.
 16008 | Abyss:2  | Noticed a thrashing horror
 16011 | Abyss:2  | Noticed a thrashing horror
 16014 | Abyss:2  | Killed a thrashing horror
 16019 | Abyss:2  | HP: 3/97 [thrashing horror (12)]
 16020 | Abyss:2  | Killed a thrashing horror
 16106 | Abyss:2  | Identified the +8 longbow of the Screaming Hawk {venom,
                  | *Slow Fly rCorr Str+6} (Okawaru gifted it to you on level 2
                  | of the Abyss)
 16106 | Abyss:2  | Received a gift from Okawaru
 16162 | Abyss:2  | Found a blossoming altar of Fedhas.
 16172 | Abyss:2  | Noticed a wretched star
 16174 | Abyss:2  | Noticed a tentacled starspawn
 16176 | Abyss:2  | Mangled by a tentacled starspawn

Illustrated notes

Levels and vault maps discovered:
D:1:      shiori_arrival_elements, layout_rooms, lexackson_kobold_supper
D:2:      layout_basic, serial_shops, shop_fountains, shop,
          nicolae_shop_statue_plus, nicolae_shop_trees, shop,
          hellmonk_ecumenical_altar_blasted
D:3:      layout_basic, minmay_misc_feat_enclosed
D:4:      layout_rooms, minmay_misc_feat_room, uniq_robin
D:5:      layout_basic, evilmike_ruin_ashenzari, okawaru_gym_becter,
          uniq_duvessa
D:6:      layout_rooms, mainiacjoe_overflow_paths, temple_pool_b
D:7:      layout_basic, nzn_overflow_gifts_of_might_and_magic,
          hangedman_decor_peaks_small, uniq_menkaure
D:8:      layout_gridville, mainiacjoe_overflow_catwalk,
          hellmonk_bongcloud_opening, minmay_crystal_water
D:9:      layout_gridville, orc_0_dummy, serial_shops, shop
D:10:     layout_gridville, ebering_ghost_funeral_grove, serial_shops,
          nicolae_shop_crystal, hangedman_abyss_or_decor_lesser_grid
D:11:     layout_long_grid, erik_lair_island, grunt_qazlal_sundering,
          uniq_maurice
D:12:     layout_long_grid, ebering_ghost_reflecting_pool, uniq_erolcha,
          uniq_nergalle, uniq_jorgrun
D:13:     layout_rooms, kennysheep_windowed_goal
Orc:1:    layout_diamond_mine, nicolae_orc_crystal_geode, uniq_erica
Abyss:2:  base:
D:8

Skill      XL: |  1  2  3  4  5  6  7  8  9 10 11 12 |
---------------+-------------------------------------+-----
Invocations    | 1 2 3 4 5 6 7 8 |  8.4
Short Blades   | 1 2 3 4 5 6 7 |  7.6
Long Blades    | 1 2 3 4 5 6 7 |  7.6
Maces & Flails | 1 2 3 4 5 6 7 |  7.6
Polearms       | 1 2 3 4 5 6 7 |  7.6
Staves         | 1 2 3 4 5 6 7 |  7.6
Slings         | 1 2 3 4 5 6 7 |  7.6
Bows           | 1 2 3 4 5 6 7 |  7.6
Crossbows      | 1 2 3 4 5 6 7 |  7.6
Throwing       | 1 2 3 4 5 6 7 |  7.6
Armour         | 1 2 3 4 5 6 7 |  7.6
Shields        | 1 2 3 4 5 6 7 |  7.6
Unarmed Combat | 1 2 3 4 5 6 7 |  7.6
Spellcasting   | 1 2 3 4 5 6 7 |  7.6
Evocations     | 1 2 3 4 5 6 7 |  7.6
Conjurations   | 1 2 3 4 5 6 |  6.3
Hexes          | 1 2 3 4 5 6 |  6.3
Summonings     | 1 2 3 4 5 6 |  6.3
Necromancy     | 1 2 3 4 5 6 |  6.3
Translocations | 1 2 3 4 5 6 |  6.3
Transmutations | 1 2 3 4 5 6 |  6.3
Fire Magic     | 1 2 3 4 5 6 |  6.3
Ice Magic      | 1 2 3 4 5 6 |  6.3
Air Magic      | 1 2 3 4 5 6 |  6.3
Earth Magic    | 1 2 3 4 5 6 |  6.3
Poison Magic   | 1 2 3 4 5 6 |  6.3
Fighting       | 7 8 9 10 | 10.1
Axes           | 7 8 9 10 | 10.1
Dodging        | 7 8 9 10 | 10.1
Stealth        | 5 6 7 8 |  8.8

Action                   |  1- 3 |  4- 6 |  7- 9 | 10-12 || total
-------------------------+-------+-------+-------+-------++-------
Melee: Hand axe          |   186 |    49 |       |       ||   235
       Bite              |    27 |     4 |    20 |    93 ||   144
       War axe           |       |    52 |       |       ||    52
       Dagger            |       |    38 |   179 |   199 ||   416
       Punch             |       |     1 |     5 |    28 ||    34
       Mace              |       |       |       |   298 ||   298
       Executioner's axe |       |       |       |   155 ||   155
 Fire: Arbalest          |       |       |       |     8 ||     8
Throw: Dart              |     1 |     3 |     5 |     6 ||    15
       Boomerang         |       |       |       |    51 ||    51
 Cast: Sandblast         |     5 |     8 |     1 |       ||    14
       Wereblood         |       |       |       |    10 ||    10
       Summon Lightning  |       |       |       |     9 ||     9
       Blink             |       |       |       |     4 ||     4
Invok: Heroism           |       |       |     3 |     7 ||    10
       Finesse           |       |       |       |     5 ||     5
Evoke: Wand              |       |       |     2 |    10 ||    12
  Use: Scroll            |       |     7 |     2 |    23 ||    32
       Potion            |       |     2 |     1 |     5 ||     8
 Stab: Sleeping          |     1 |     5 |     2 |     8 ||    16
       Distracted        |       |       |       |     3 ||     3
Armor: Robe              |    12 |       |       |       ||    12
       Leather armour    |     6 |    48 |    11 |       ||    65
       Ring mail         |       |       |    34 |       ||    34
       Steam dragon scal |       |       |    12 |   181 ||   193
       Troll leather arm |       |       |       |    59 ||    59
       Skin              |       |       |       |     4 ||     4
Dodge: Dodged            |   108 |   136 |   119 |   645 ||  1008
